TOP OF THE 1ST |
Hammond Herons batting - Pitching for Gwinnett County Black Cats : LHP Aimo Latva
|
Pitching: LHP Aimo Latva
|
|
Batting: RHB Guillermo Montepeque
|
0-0: Called Strike 0-1: Ball 1-1: Fly out, F8 (Flyball, 8RD)
|
Batting: RHB Armando Romero
|
0-0: Ball 1-0: Foul Ball, location: 2F 1-1: Called Strike 1-2: Strikes out swinging
|
Batting: RHB Landon Edwards
|
0-0: Called Strike 0-1: Ball 1-1: SINGLE (Line Drive, 89M)
|
Batting: RHB Norm Freshwater
|
0-0: Ball 1-0: Called Strike 1-1: Ball 2-1: Ball 3-1: Foul Ball, location: 2F 3-2: Strikes out swinging
|
Top of the 1st over - 0 runs, 1 hit, 0 errors, 1 left on base; Hammond 0 - Gwinnett County 0 |
BOTTOM OF THE 1ST |
Gwinnett County Black Cats batting - Pitching for Hammond Herons : RHP Ryunosuke Kurota
|
Pitching: RHP Ryunosuke Kurota
|
|
Batting: RHB Sidney Mackell
|
0-0: Called Strike 0-1: Called Strike 0-2: Strikes out swinging
|
Batting: RHB Chang-lit Min
|
0-0: Swinging Strike 0-1: Ball 1-1: Ball 2-1: Ball 3-1: Ground out 5-3 (Groundball, 56)
|
Batting: RHB Juan Pedraza
|
0-0: Ball 1-0: Ball 2-0: Called Strike 2-1: Ball 3-1: Base on Balls
|
Batting: LHB Edgardo De Jesús
|
0-0: Foul Ball, location: 2F 0-1: Foul Ball, location: 2F 0-2: Ball 1-2: Foul Ball, location: 2F 1-2: Ball 2-2: Foul Ball, location: 2F 2-2: Ball 3-2: SINGLE (Groundball, 6D) Juan Pedraza to second Juan Pedraza to third
|
Batting: RHB Manuel Barrios
|
0-0: Ball 1-0: Fielders Choice at 2nd, 6-4 (Groundball, 6)
|
Bottom of the 1st over - 0 runs, 1 hit, 0 errors, 2 left on base; Hammond 0 - Gwinnett County 0 |
TOP OF THE 2ND |
Hammond Herons batting - Pitching for Gwinnett County Black Cats : LHP Aimo Latva
|
Batting: LHB Raymond Dudzinski
|
0-0: Ball 1-0: Called Strike 1-1: Swinging Strike 1-2: Ball 2-2: Ball 3-2: Strikes out swinging
|
Batting: RHB Jong-beom Chang
|
0-0: Called Strike 0-1: Ground out 3-1 (Groundball, 34)
|
Batting: RHB Spartak Gonjarov
|
0-0: Swinging Strike 0-1: Ball 1-1: Foul Ball, location: 2F 1-2: Ball 2-2: Strikes out swinging
|
Top of the 2nd over - 0 runs, 0 hits, 0 errors, 0 left on base; Hammond 0 - Gwinnett County 0 |
BOTTOM OF THE 2ND |
Gwinnett County Black Cats batting - Pitching for Hammond Herons : RHP Ryunosuke Kurota
|
Batting: RHB Luc Bartoli
|
0-0: Fly out, F9 (Flyball, 9LDF)
|
Batting: LHB Marvello Obra
|
0-0: Ball 1-0: DOUBLE (Line Drive, 89XD)
|
Batting: RHB Bill Wilson
|
0-0: Called Strike 0-1: Foul Ball, location: 2F 0-2: Ball 1-2: Strikes out swinging
|
Batting: RHB Elder Sarrano
|
0-0: Ball 1-0: Called Strike 1-1: Called Strike 1-2: Ground out 4-3 (Groundball, 4)
|
Bottom of the 2nd over - 0 runs, 1 hit, 0 errors, 1 left on base; Hammond 0 - Gwinnett County 0 |
TOP OF THE 3RD |
Hammond Herons batting - Pitching for Gwinnett County Black Cats : LHP Aimo Latva
|
Batting: SHB Daryl Lloyd
|
0-0: Foul Ball, location: 2F 0-1: Fly out, F3 (Line Drive, 34)
|
Batting: RHB Juan Laguna
|
0-0: Called Strike 0-1: Ball 1-1: Ball 2-1: Fly out, F7 (Flyball, 7S)
|
Batting: RHB Guillermo Montepeque
|
0-0: Ball 1-0: Ball 2-0: Foul Ball, location: 2F 2-1: Ball 3-1: Ground out 4-3 (Groundball, 4)
|
Top of the 3rd over - 0 runs, 0 hits, 0 errors, 0 left on base; Hammond 0 - Gwinnett County 0 |
BOTTOM OF THE 3RD |
Gwinnett County Black Cats batting - Pitching for Hammond Herons : RHP Ryunosuke Kurota
|
Batting: RHB Sidney Mackell
|
0-0: Bunt for hit - play at first, batter OUT! 3-4
|
Batting: RHB Chang-lit Min
|
0-0: Called Strike 0-1: Foul Ball, location: 2F 0-2: Ball 1-2: DOUBLE (Line Drive, 7LD)
|
Batting: RHB Juan Pedraza
|
0-0: Ball 1-0: Called Strike 1-1: Swinging Strike 1-2: Ball 2-2: Ball 3-2: Base on Balls
|
Batting: LHB Edgardo De Jesús
|
0-0: Ball 1-0: Swinging Strike 1-1: Ball 2-1: Foul Ball, location: 2F 2-2: Ball 3-2: Base on Balls Chang-lit Min to third Juan Pedraza to second
|
Batting: RHB Manuel Barrios
|
0-0: Called Strike 0-1: Foul Ball, location: 2F 0-2: Foul Ball, location: 2F 0-2: Ball 1-2: Fly out, F8 (Flyball, 8LM) Runner from 3rd tags up, SCORES, no throw
|
Batting: RHB Luc Bartoli
|
0-0: Foul Ball, location: 2F 0-1: Called Strike 0-2: Ball 1-2: Foul Ball, location: 2F 1-2: Foul Ball, location: 2F 1-2: Ground out 1-3 (Groundball, 13)
|
Bottom of the 3rd over - 1 run, 1 hit, 0 errors, 2 left on base; Hammond 0 - Gwinnett County 1 |
TOP OF THE 4TH |
Hammond Herons batting - Pitching for Gwinnett County Black Cats : LHP Aimo Latva
|
Batting: RHB Armando Romero
|
0-0: Ball 1-0: Swinging Strike 1-1: Ball 2-1: Foul Ball, location: 2F 2-2: Foul Ball, location: 2F 2-2: Strikes out swinging
|
Batting: RHB Landon Edwards
|
0-0: Ball 1-0: Ball 2-0: Ball 3-0: Called Strike 3-1: Base on Balls
|
Batting: RHB Norm Freshwater
|
0-0: Swinging Strike 0-1: Swinging Strike 0-2: Strikes out swinging
|
Batting: LHB Raymond Dudzinski
|
0-0: Called Strike 0-1: Foul Ball, location: 2F 0-2: Fly out, F9 (Flyball, 9S)
|
Top of the 4th over - 0 runs, 0 hits, 0 errors, 1 left on base; Hammond 0 - Gwinnett County 1 |
BOTTOM OF THE 4TH |
Gwinnett County Black Cats batting - Pitching for Hammond Herons : RHP Ryunosuke Kurota
|
Batting: LHB Marvello Obra
|
0-0: SINGLE (Groundball, 3D)
|
Batting: RHB Bill Wilson
|
0-0: Ball 1-0: Foul Ball, location: 2F 1-1: Ball 2-1: Ball 3-1: Fly out, F8 (Flyball, 8LD)
|
Batting: RHB Elder Sarrano
|
0-0: Called Strike 0-1: Ground out 5-3 (Groundball, 56S) Marvello Obra to second
|
Batting: RHB Sidney Mackell
|
0-0: Called Strike 0-1: Swinging Strike 0-2: Foul Ball, location: 2F 0-2: Ball 1-2: Strikes out swinging
|
Bottom of the 4th over - 0 runs, 1 hit, 0 errors, 1 left on base; Hammond 0 - Gwinnett County 1 |
TOP OF THE 5TH |
Hammond Herons batting - Pitching for Gwinnett County Black Cats : LHP Aimo Latva
|
Batting: RHB Jong-beom Chang
|
0-0: Fly out, F9 (Flyball, 9LM)
|
Batting: RHB Spartak Gonjarov
|
0-0: Swinging Strike 0-1: Foul Ball, location: 2F 0-2: Ball 1-2: Fly out, F9 (Flyball, 9D)
|
Batting: SHB Daryl Lloyd
|
0-0: Ground out 5-3 (Groundball, 56S)
|
Top of the 5th over - 0 runs, 0 hits, 0 errors, 0 left on base; Hammond 0 - Gwinnett County 1 |
BOTTOM OF THE 5TH |
Gwinnett County Black Cats batting - Pitching for Hammond Herons : RHP Ryunosuke Kurota
|
Batting: RHB Chang-lit Min
|
0-0: Foul Ball, location: 2F 0-1: Ball 1-1: Foul Ball, location: 2F 1-2: Fly out, F7 (Line Drive, 7)
|
Batting: RHB Juan Pedraza
|
0-0: Foul Ball, location: 2F 0-1: Ball 1-1: Ball 2-1: Foul Ball, location: 2F 2-2: Foul Ball, location: 2F 2-2: Strikes out swinging
|
Batting: LHB Edgardo De Jesús
|
0-0: Foul Ball, location: 2F 0-1: Fly out, F2 (Popup, 13S)
|
Bottom of the 5th over - 0 runs, 0 hits, 0 errors, 0 left on base; Hammond 0 - Gwinnett County 1 |
TOP OF THE 6TH |
Hammond Herons batting - Pitching for Gwinnett County Black Cats : LHP Aimo Latva
|
Batting: RHB Juan Laguna
|
0-0: Called Strike 0-1: Ball 1-1: Swinging Strike 1-2: Strikes out swinging
|
Batting: RHB Guillermo Montepeque
|
0-0: Ball 1-0: Ball 2-0: Called Strike 2-1: SINGLE (Groundball, 34D)
|
Batting: RHB Armando Romero
|
0-0: Ball 1-0: Ball 2-0: Called Strike 2-1: Called Strike Guillermo Montepeque steals 2nd base 2-2: Ground out U3 (Groundball, 34) Guillermo Montepeque to third
|
Batting: RHB Landon Edwards
|
0-0: Ball 1-0: Foul Ball, location: 2F 1-1: Ball 2-1: Foul Ball, location: 2F 2-2: Ball 3-2: SINGLE (Line Drive, 6MD) Guillermo Montepeque scores
|
Batting: RHB Norm Freshwater
|
0-0: Ball 1-0: Called Strike 1-1: Swinging Strike 1-2: Strikes out swinging
|
Top of the 6th over - 1 run, 2 hits, 0 errors, 1 left on base; Hammond 1 - Gwinnett County 1 |
BOTTOM OF THE 6TH |
Gwinnett County Black Cats batting - Pitching for Hammond Herons : RHP Ryunosuke Kurota
|
Batting: RHB Manuel Barrios
|
0-0: Ball 1-0: Ball 2-0: Swinging Strike 2-1: Ground out 3-1 (Groundball, 34)
|
Batting: RHB Luc Bartoli
|
0-0: Ball 1-0: Ball 2-0: Called Strike 2-1: SINGLE (Groundball, 34D)
|
Batting: LHB Marvello Obra
|
0-0: Swinging Strike 0-1: Ball 1-1: Foul Ball, location: 2F 1-2: Fly out, F6 (Popup, 6M)
|
Batting: RHB Bill Wilson
|
0-0: Ground out 6-3 (Groundball, 56D)
|
Bottom of the 6th over - 0 runs, 1 hit, 0 errors, 1 left on base; Hammond 1 - Gwinnett County 1 |
TOP OF THE 7TH |
Hammond Herons batting - Pitching for Gwinnett County Black Cats : LHP Aimo Latva
|
Batting: LHB Raymond Dudzinski
|
0-0: Foul Ball, location: 2F 0-1: Swinging Strike 0-2: Strikes out swinging
|
Batting: RHB Jong-beom Chang
|
0-0: Called Strike 0-1: Ball 1-1: Ball 2-1: SINGLE (Groundball, 34D)
|
Pinch Hitting: RHB Cody Blackburn
|
0-0: Ball 1-0: Called Strike 1-1: Ball 2-1: Foul Ball, location: 2F 2-2: Foul Ball, location: 2F 2-2: Strikes out swinging
|
Pinch Hitting: RHB José Trombelli
|
0-0: Ball 1-0: Called Strike 1-1: Foul Ball, location: 2F 1-2: Foul Ball, location: 2F 1-2: Ball Wild Pitch! Jong-beom Chang to second 2-2: Foul Ball, location: 2F 2-2: Strikes out swinging
|
Top of the 7th over - 0 runs, 1 hit, 0 errors, 1 left on base; Hammond 1 - Gwinnett County 1 |
BOTTOM OF THE 7TH |
Gwinnett County Black Cats batting - Pitching for Hammond Herons : RHP Ryunosuke Kurota
|
Now at 3B: José Trombelli
|
|
Now in CF: Sean Sherman
|
|
Batting: RHB Elder Sarrano
|
0-0: Fly out, F3 (Popup, 3S)
|
Batting: RHB Sidney Mackell
|
0-0: Ball 1-0: Ball 2-0: Called Strike 2-1: Foul Ball, location: 2F 2-2: Ball 3-2: Base on Balls
|
Pitching: RHP Aaron Houchens
|
|
Pinch Hitting: LHB Víctor Sánchez
|
0-0: Ball 1-0: Foul Ball, location: 2F 1-1: Called Strike Sidney Mackell steals 2nd base 1-2: Strikes out looking
|
Batting: RHB Juan Pedraza
|
0-0: Ball 1-0: TRIPLE (Flyball, 89XD) Sidney Mackell scores
|
Batting: LHB Edgardo De Jesús
|
0-0: Called Strike 0-1: Ball 1-1: Ball 2-1: Foul Ball, location: 2F 2-2: Ball 3-2: Foul Ball, location: 2F 3-2: Foul Ball, location: 2F 3-2: Foul Ball, location: 2F 3-2: Foul Ball, location: 2F 3-2: Foul Ball, location: 2F 3-2: Foul Ball, location: 2F 3-2: Foul Ball, location: 2F 3-2: Base on Balls
|
Batting: RHB Manuel Barrios
|
0-0: Ball 1-0: Swinging Strike 1-1: Called Strike 1-2: Ball 2-2: Ball 3-2: SINGLE (Groundball, 56S) (infield hit) Juan Pedraza scores Edgardo De Jesús to second
|
Batting: RHB Luc Bartoli
|
0-0: Ball 1-0: Foul Ball, location: 2F 1-1: Fly out, F7 (Flyball, 7)
|
Bottom of the 7th over - 2 runs, 2 hits, 0 errors, 2 left on base; Hammond 1 - Gwinnett County 3 |
TOP OF THE 8TH |
Hammond Herons batting - Pitching for Gwinnett County Black Cats : LHP Aimo Latva
|
Now at 2B: Víctor Sánchez
|
|
Batting: RHB Juan Laguna
|
0-0: SINGLE (Groundball, 6MD)
|
Batting: RHB Guillermo Montepeque
|
0-0: Foul Ball, location: 2F 0-1: Fly out, F8 (Flyball, 89M)
|
Pitching: LHP Ricardo Fraga
|
|
Batting: RHB Armando Romero
|
0-0: Called Strike 0-1: Ball 1-1: Ball 2-1: Foul Ball, location: 2F 2-2: Fly out, F6 (Popup, 6M)
|
Batting: RHB Landon Edwards
|
0-0: Called Strike 0-1: Ball 1-1: Foul Ball, location: 2F 1-2: SINGLE (Line Drive, 4MD) Juan Laguna to second Runner from 2nd tries for 3rd, SAFE, throw made to third
|
Batting: RHB Norm Freshwater
|
0-0: Called Strike 0-1: Foul Ball, location: 2F 0-2: Foul Ball, location: 2F 0-2: Foul Ball, location: 2F 0-2: Foul Ball, location: 2F 0-2: Ground out U3 (Groundball, 3)
|
Top of the 8th over - 0 runs, 2 hits, 0 errors, 2 left on base; Hammond 1 - Gwinnett County 3 |
BOTTOM OF THE 8TH |
Gwinnett County Black Cats batting - Pitching for Hammond Herons : RHP Aaron Houchens
|
Batting: LHB Marvello Obra
|
0-0: Called Strike 0-1: Ground out 1-3 (Groundball, P)
|
Batting: RHB Bill Wilson
|
0-0: Ball 1-0: Ball 2-0: DOUBLE (Line Drive, 7LM)
|
Batting: RHB Elder Sarrano
|
0-0: Fly out, F7 (Flyball, 7)
|
Batting: RHB Sidney Mackell
|
0-0: Called Strike 0-1: Ball 1-1: Ball 2-1: Foul Ball, location: 2F 2-2: Ball 3-2: Ground out 4-3 (Groundball, 4)
|
Bottom of the 8th over - 0 runs, 1 hit, 0 errors, 1 left on base; Hammond 1 - Gwinnett County 3 |
TOP OF THE 9TH |
Hammond Herons batting - Pitching for Gwinnett County Black Cats : LHP Ricardo Fraga
|
Pitching: RHP Ming-hoa Zhou
|
|
Batting: LHB Raymond Dudzinski
|
0-0: Swinging Strike 0-1: Foul Ball, location: 2F 0-2: Strikes out looking
|
Batting: RHB Jong-beom Chang
|
0-0: Ball 1-0: Foul Ball, location: 2F 1-1: Called Strike 1-2: Ball 2-2: Foul Ball, location: 2F 2-2: Foul Ball, location: 2F 2-2: Strikes out swinging
|
Batting: RHB Sean Sherman
|
0-0: Called Strike 0-1: Fly out, F8 (Flyball, 78D)
|
Top of the 9th over - 0 runs, 0 hits, 0 errors, 0 left on base; Hammond 1 - Gwinnett County 3 |
|